 Dungeon Crawl Stone Soup version 0.30-a0-778-g2ef04afb54 (console) character file.

Game seed: 12397447003745641004

38491 rlgrobin the Severer (level 14, -13/127 HPs)
             Began as a Meteoran Fighter on Feb 15, 2023.
             Was a High Priest of Fedhas.
             Killed from afar by an efreet (25 damage)
             ... with a bolt of fire
             ... summoned by Mlioglotl
             ... on level 3 of the Spider Nest.
             The game lasted 00:31:41 (4855 turns).

rlgrobin the Severer (Meteoran Fighter)             Turns: 4855, Time: 00:31:42

Health: -13/127    AC: 20    Str: 20    XL:     14   Next: 72%
Magic:  0/24       EV: 13    Int: 11    God:    Fedhas [*****.]
Gold:   475        SH:  4    Dex: 16    Spells: 13/13 levels left

rFire   . . .      SeeInvis .    a - +1 battleaxe (vamp)
rCold   . . .      Faith    .    (shield currently unavailable)
rNeg    . . .      Spirit   +    r - +3 chain mail {rPois}
rPois   +          Reflect  .    o - +1 hat {Stlth+}
rElec   .          Harm     .    (no cloak)
rCorr   .          Rampage  .    (no gloves)
Will    +....                    g - +2 pair of boots Stlth
                                 j - amulet of guardian spirit
HPRegen 0.41/turn                l - ring of wizardry
MPRegen 0.19/turn                (no ring)

@: afraid, glowing
A: sense surroundings 2, otherworldly, glowing, explore regen, large bone plates
1, shaggy fur 1
a: Renounce Religion, Wall of Briars, Grow Ballistomycete, Overgrow, Grow Oklob


You were on level 3 of the Spider Nest.
You worshipped Fedhas.
Fedhas was extremely pleased with you.
You visited 4 branches of the dungeon, and saw 20 of its levels.
You also visited: Sewer and Ice Cave.

You collected 725 gold pieces.
You spent 250 gold pieces at shops.

Inventory:

Hand Weapons
 a - a +1 vampiric battleaxe (weapon)
 b - a +3 hand axe of flaming
 n - a +1 war axe of protection
 p - the +5 trident of Charity {speed, rF+ Will- SInv}
   (You found it in an ice cave)

   rF:        It protects you from fire.
   SInv:      It lets you see invisible.
   Will:      It decreases your willpower.
Missiles
 k - 4 curare-tipped darts (quivered)
 s - 10 javelins
 t - a throwing net
Armour
 g - a +2 pair of boots (worn)
 i - the -1 helmet of Nemelex Xobeh, Hurling {rC- MP+9 Str-2 Dex+4}
   (You found it on level 11 of the Dungeon)

   Str:       It affects your strength (-2).
   Dex:       It affects your dexterity (+4).
   rC:        It makes you vulnerable to cold.
   MP:        It affects your magic capacity (+9).
 o - a +1 hat of stealth (worn)
 r - a +3 chain mail of poison resistance (worn)
Jewellery
 j - an amulet of guardian spirit (around neck)
 l - a ring of wizardry (left hand)
Wands
 q - a wand of roots (5)
 v - a wand of flame (4)
Scrolls
 d - a scroll of vulnerability
 e - 4 scrolls of identify
 h - 2 scrolls of poison
 m - 2 scrolls of fear
Potions
 c - 2 potions of heal wounds
 f - a potion of degeneration


   Skills:
 - Level 12.7 Fighting
 + Level 16.1 Axes
 - Level 11.7 Armour
 + Level 10.7 Dodging
 - Level 3.6 Shields
 - Level 13.0 Invocations


You had 13 spell levels left.
You didn't know any spells.
Your spell library contained the following spells:

 Spells                   Type           Power      Damage    Failure   Level
 Blink                    Tloc           0%         N/A       77%         2
 Static Discharge         Conj/Air       0%         2-2/arc   77%         2
 Vhi's Electric Charge    Tloc/Air       0%         N/A       92%         3
 Manifold Assault         Tloc           0%         N/A       100%        4
 Petrify                  Tmut/Erth      0%         N/A       100%        4
 Arcjolt                  Conj/Air       0%         1d10      100%        5
 Lightning Bolt           Conj/Air       0%         1d11      100%        5
 Metabolic Englaciation   Hex/Ice        0%         N/A       100%        5
 Statue Form              Tmut/Erth      0%         N/A       100%        6
 Storm Form               Tmut/Air       0%         N/A       100%        7
 Maxwell's Capacitive Co  Air            0%         ∞         100%        8


Dungeon Overview and Level Annotations

Branches:
Dungeon (11/15) Zot: 4335    Lair (4/5) D:11 Zot: 1096   Swamp (0/4) Lair:3
 Spider (3/4) Lair:2 Zot: 1610     Orc (2/2) D:9 Zot: 481     Elf (0/3) Orc:2
  Sewer (visited)           IceCv (visited)
 Temple: D:4-7        Slime: Lair:4-5

Altars:
Fedhas
Gozag
Makhleb

Shops:
Orc:2 **

Annotations:
Lair:3 1 runed translucent door, Rupert; funkygono's ghost, journeyman GrFE
Spider:3 Mlioglotl


Innate Abilities, Weirdness & Mutations

You passively map the area around you.
You are easily found by Zot.
You glow in the dark.
You regain HP and MP as you explore.
You are partially covered in large bone plates. (SH +4)
You are covered in fur. (AC +1)


Message History

The white draconian stormcaller is engulfed in blazing flames.
Your burning bush throws fire at Mlioglotl.
The puff of flame hits Mlioglotl!
Your wandering mushroom releases spores at the large abomination.
You barely miss Mlioglotl.
Mlioglotl is severely wounded.
You barely miss the small abomination.
You hit the demonic crawler but do no damage.
The small abomination closely misses you.
Mlioglotl hits you.
* * * LOW HITPOINT WARNING * * *
Mlioglotl tramples you!
* * * LOW HITPOINT WARNING * * *
You hold your ground!
The demonic crawler hits you but does no damage. x2
The demonic crawler hits you.
* * * LOW HITPOINT WARNING * * *
The large abomination hits your wandering mushroom!!
You hit Mlioglotl but do no damage.
Mlioglotl is severely wounded.
You barely miss the demonic crawler. You slash the redback!
You feel better.
You hit the small abomination. Mlioglotl hits you but does no damage.
Mlioglotl tramples you!
* * * LOW HITPOINT WARNING * * *
You hold your ground!
The demonic crawler barely misses you.
The demonic crawler hits you but does no damage.
You block the demonic crawler's attack.
Your burning bush throws fire at Mlioglotl.
The puff of flame hits Mlioglotl!
Your wandering mushroom releases spores at the large abomination.
The white draconian stormcaller hits your wandering mushroom with a +0 whip!
The small abomination misses you. The redback completely misses you.
The small abomination hits your burning bush!
The large abomination hits your wandering mushroom!!
Your wandering mushroom is destroyed!
Your wandering mushroom disappears in a puff of smoke!
The efreet gestures at you. The bolt of fire hits you!!
You die...
Fedhas appreciates your contribution to the ecosystem.

#...#..#### *,
,,
####..#..#..#
,
#.......##..#
,, * ,
#^)...##...#
,, * , ,
####.......# *
* ,
#..†.......# ,
^ ,,, ,
#<##.......#,,
,*, *** ,,
#.....#^.###
^, , * * ,
,###.§x@sP#$#,
,, * , , * ,^
, #^.s.X...#,
,, , ,
,#...R§P..# .
* , ,, , ,
####.qXx.# ..#
* * , * ^
,#.#..##....,
,,,
##°..#..... ,
, ,
^#........., ,
,, ,
#....##### * ,
, ,, , **^,
#....#


You could see Mlioglotl (strong, scary, distracted, ally target), a white
draconian stormcaller (summoned), a demonic crawler (summoned), a large
abomination (summoned), an efreet (summoned), a redback, 2 small abominations
and 2 friendly burning bushes.

Vanquished Creatures
  Gastronok (D:11)
  Snorg (Lair:3)
  Harold (D:11)
  A hydra (Lair:3)
  A two-headed ogre (Orc:1)
  Urug (Orc:1)
  2 orc high priests (Orc:2)
  Nergalle (Lair:3)
  An orb spider (Lair:2)
  An orc knight (Orc:1)
  2 orc sorcerers
  5 wolf spiders
  An ugly thing (IceCv)
  9 elephants (Lair:3)
  A black mamba (Lair:3)
  A torpor snail (Lair:3)
  2 cane toads
  3 rime drakes
  2 komodo dragons
  An anaconda simulacrum (IceCv)
  A polar bear (D:10)
  4 trolls
  Grinder (D:5)
  A tarantella (Spider:1)
  5 blink frogs
  2 centaur simulacra (D:10)
  6 jumping spiders (Spider:1)
  A shadow (D:10)
  A culicivora (Spider:1)
  26 yaks
  A basilisk (Lair:3)
  A dire elephant simulacrum (IceCv)
  3 wyverns
  A redback (Spider:1)
  2 wargs
  5 water moccasins
  2 ice beasts (D:10)
  3 black bears
  28 orc warriors
  7 wolves
  5 ogres
  2 centaurs
  5 kobold brigands
  7 bullfrogs
  A gnoll sergeant (D:9)
  2 scorpions
  15 wights
  A cane toad simulacrum (IceCv)
  7 killer bees
  An elephant simulacrum (IceCv)
  3 electric eels
  A howler monkey (D:5)
  2 hounds
  7 orc priests
  A gnoll bouda (D:8)
  2 iguanas
  Natasha (D:4)
  12 orc wizards
  A polar bear simulacrum (IceCv)
  A wolf simulacrum (IceCv)
  3 gnolls (D:8)
  4 adders
  3 river rats (Sewer)
  A shadow imp (D:7)
  13 white imps
  2 ufetubi (D:5)
  A worm (D:2)
  54 orcs
  4 ball pythons
  A bat (D:3)
  An endoplasm (D:4)
  5 giant cockroaches
  3 goblins
  5 hobgoblins
  3 jackals (D:1)
  4 quokkas
  4 frilled lizards
  9 kobolds
  9 rats (Sewer)
345 creatures vanquished.

Vanquished Creatures (collateral kills)
  Saint Roka (Orc:2)
  An orc high priest (Orc:2)
  2 elephants (Lair:3)
  A komodo dragon (Lair:3)
  A troll (D:9)
  A blink frog (Lair:3)
  A water moccasin (Lair:3)
  2 ogres
  12 orc warriors
  3 kobold brigands (D:9)
  3 gnoll sergeants (D:9)
  6 orc priests (Orc:2)
  2 orc wizards (Orc:2)
  11 orcs
  52 ballistomycete spores
99 creatures vanquished.

Vanquished Creatures (others)
  An orc (Orc:2)
  3 ballistomycete spores (Orc:2)
  5 bushes (Lair:3)
  14 fungi
  13 plants
  2 withered plants (Lair:3)
38 creatures vanquished.

Grand Total: 482 creatures vanquished

Notes
Turn   | Place    | Note
-------+----------+-------------------------------------------
     0 | D:1      | rlgrobin the Meteoran Fighter began the quest for the Orb.
     0 | D:1      | Reached XP level 1. HP: 19/19 MP: 2/2
    73 | D:1      | Reached skill level 3 in Axes
    73 | D:1      | Reached XP level 2. HP: 23/26 MP: 3/3
   103 | D:2      | Reached XP level 3. HP: 29/31 MP: 4/4
   136 | D:2      | Reached skill level 4 in Axes
   220 | D:5      | Entered Level 5 of the Dungeon
   220 | D:5      | Noticed a centaur
   225 | D:4      | Noticed a kobold brigand
   225 | D:4      | You fall into a shaft and drop 1 floor!
   225 | D:5      | Found a blossoming altar of Fedhas.
   228 | D:5      | Became a worshipper of Fedhas Madash
   250 | D:5      | Reached XP level 4. HP: 37/38 MP: 5/5
   260 | D:5      | Reached skill level 5 in Axes
   279 | D:5      | Reached XP level 5. HP: 39/45 MP: 6/6
   371 | D:4      | Killed a kobold brigand
   372 | D:4      | Reached skill level 6 in Axes
   372 | D:4      | Reached XP level 6. HP: 17/51 MP: 7/7
   421 | D:4      | Noticed Natasha
   427 | D:4      | Killed Natasha
   428 | D:4      | Reached skill level 7 in Axes
   508 | D:4      | Found a glowing drain.
   524 | Sewer    | Entered a sewer
   535 | Sewer    | Reached * piety under Fedhas
   778 | D:4      | Reached skill level 8 in Axes
   778 | D:4      | Reached XP level 7. HP: 45/57 MP: 8/8
   828 | D:5      | Noticed Grinder
   845 | D:5      | Paralysed by Grinder for 4 turns
   850 | D:5      | Killed Grinder
   851 | D:5      | Reached skill level 9 in Axes
   851 | D:5      | Reached skill level 5 in Armour
   851 | D:5      | Reached XP level 8. HP: 17/63 MP: 9/9
  1036 | D:6      | Reached ** piety under Fedhas
  1103 | D:6      | Reached skill level 1 in Invocations
  1123 | D:7      | Reached skill level 10 in Axes
  1264 | D:8      | Gained mutation: You passively map the area around you.
                  | [Meteoran growth]
  1264 | D:8      | Reached XP level 9. HP: 69/70 MP: 12/12
  1404 | D:9      | Reached skill level 5 in Invocations
  1410 | D:9      | Reached skill level 11 in Axes
  1414 | D:9      | Gained mutation: You are partially covered in large bone
                  | plates. (SH +4) [potion of mutation]
  1414 | D:9      | Gained mutation: You are covered in fur. (AC +1) [potion of
                  | mutation]
  1414 | D:9      | Gained mutation: You are clumsy. (Dex -2) [potion of
                  | mutation]
  1414 | D:9      | Lost mutation: You are clumsy. (Dex -2) [potion of
                  | mutation]
  1427 | D:9      | HP: 1/105 [orc priest/divine providence (10)]
  1430 | D:9      | Reached *** piety under Fedhas
  1578 | D:9      | Reached skill level 12 in Axes
  1578 | D:9      | Reached XP level 10. HP: 77/77 MP: 13/16
  1636 | D:10     | Entered Level 10 of the Dungeon
  1637 | D:10     | Found an opulent altar of Gozag.
  1663 | D:11     | Identified the -1 helmet of Nemelex Xobeh, Hurling {rC-
                  | MP+9 Str-2 Dex+4}
  1701 | D:10     | Reached skill level 5 in Fighting
  1721 | D:10     | Reached skill level 5 in Dodging
  2060 | D:11     | Noticed Gastronok
  2087 | D:11     | Killed Gastronok
  2088 | D:11     | Reached XP level 11. HP: 47/94 MP: 9/17
  2128 | D:11     | Found a staircase to the Lair.
  2130 | D:11     | Noticed Harold
  2140 | Lair:1   | Entered Level 1 of the Lair of Beasts
  2143 | Lair:1   | Reached skill level 13 in Axes
  2145 | Lair:1   | Reached **** piety under Fedhas
  2225 | Lair:1   | Found a frozen archway.
  2280 | IceCv    | Entered an ice cave
  2304 | IceCv    | Noticed a white ugly thing
  2305 | IceCv    | Noticed an ice statue
  2308 | IceCv    | Identified the +5 trident of Charity {speed, rF+ Will-
                  | SInv}
  2336 | IceCv    | Killed a white ugly thing
  2372 | Lair:1   | You fall into a shaft and drop 1 floor!
  2478 | Lair:2   | Reached skill level 14 in Axes
  2514 | Lair:2   | Reached skill level 10 in Fighting
  2564 | Lair:2   | Reached XP level 12. HP: 79/106 MP: 13/19
  2687 | Lair:2   | Reached ***** piety under Fedhas
  2763 | Lair:3   | Noticed a five-headed hydra
  2763 | Lair:3   | Found a burning altar of Makhleb.
  2770 | Lair:3   | Killed a one-headed hydra
  2866 | Lair:3   | Reached skill level 15 in Axes
  2879 | Lair:3   | Reached skill level 10 in Invocations
  2908 | Lair:3   | Found a runed translucent door.
  2909 | Lair:3   | Noticed funkygono's ghost (journeyman GrFE)
  2910 | Lair:3   | Noticed Rupert
  2921 | Lair:3   | Noticed Snorg
  2974 | Lair:3   | Noticed Nergalle
  2986 | Lair:3   | Reached XP level 13. HP: 83/113 MP: 14/22
  2993 | Lair:3   | Killed Nergalle
  3119 | Lair:3   | Found a staircase to the Swamp.
  3197 | Lair:3   | Killed Snorg
  3455 | Lair:2   | Found a hole to the Spider Nest.
  3534 | D:11     | Killed Harold
  3668 | D:9      | Found a staircase to the Orcish Mines.
  3764 | Orc:1    | Entered Level 1 of the Orcish Mines
  3864 | Orc:1    | Reached skill level 10 in Armour
  3884 | Orc:2    | Entered Level 2 of the Orcish Mines
  3984 | Orc:2    | Found a staircase to the Elven Halls.
  4040 | Orc:2    | Found Limourif's General Store.
  4216 | Orc:2    | Found Wivvu's Assorted Antiques.
  4276 | Orc:2    | Reached XP level 14. HP: 99/125 MP: 16/24
  4280 | Orc:2    | Noticed Saint Roka
  4311 | Orc:2    | Killed Saint Roka
  4327 | Orc:2    | HP: 5/127 [orc sorcerer/bolt of fire (13)]
  4379 | Orc:2    | Bought 2 potions of heal wounds for 250 gold pieces
  4443 | Orc:1    | Noticed Urug
  4454 | Orc:1    | Killed Urug
  4656 | Spider:1 | Entered Level 1 of the Spider Nest
  4681 | Spider:1 | Reached skill level 10 in Dodging
  4742 | Spider:1 | Reached skill level 16 in Axes
  4834 | Spider:3 | Noticed Mlioglotl
  4844 | Spider:3 | Noticed a white draconian stormcaller
  4855 | Spider:3 | Killed from afar by an efreet

Illustrated notes

Levels and vault maps discovered:
D:1:      dpeg_arrival_simpleton_a, layout_loops_ring, serial_park_tiny_1,
          amcnicky_mini_pool_small, hangedman_glass_teeth
D:2:      layout_basic
D:3:      layout_rooms, nzn_wu_jian_council_hall, reono_crystal_passage
D:4:      layout_rooms, gup_sewer_entry_pipe, serial_glass, glass_columns_a,
          glass_columns_b, glass_columns_b, glass_columns_a, glass_columns_a,
          glass_columns_c, glass_columns_c, glass_columns_b, glass_columns_a,
          glass_columns_a, glass_columns_b, glass_columns_b, glass_columns_a,
          glass_columns_c, kennysheep_generic_room_3, uniq_robin, uniq_natasha
D:5:      layout_rooms, lemuel_round_altar, uniq_grinder
D:6:      layout_basic
D:7:      layout_basic, temple_green, uniq_joseph
D:8:      layout_layer_cave, gammafunk_temple_overflow_pools
D:9:      layout_loops_ring, kennysheep_orc_monster_closet_entryway
D:10:     minmay_curly_fans, layout_loops_cross,
          nicolae_ru_the_path_less_chosen, nicolae_overflow_crystal_walls,
          serial_shops, nicolae_shop_waterfront, serial_ice, serial_ice_f,
          serial_ice_e, serial_ice_k, serial_ice_n, uniq_lodul, uniq_sonja
D:11:     layout_grid_maze, grunt_lair_entry_orc_guard_hut,
          kennysheep_pointless_box, uniq_harold, uniq_gastronok
Lair:1:   layout_roguey, portal_ice_cave_entry_imps, serial_bayou_lagoon_a,
          grunt_megastairs_1, serial_bayou_shore_a
Lair:2:   layout_long_grid, nicolae_spider_entry_orb_guardian,
          nicolae_lair_lil_pond
Lair:3:   layout_cellular_growth, swamp_mist, basic_altar,
          gammafunk_ghost_grave, nicolae_quartered_pool_medium, evilmike_ambush
          [evilmike_ambush_outer_basic, evilmike_ambush_inner_pond],
          uniq_nergalle, uniq_rupert, uniq_snorg
Lair:4:   layout_regular_city, minmay_slime_entry_pillars, basic_altar,
          infiniplex_staircase_pool, grunt_megastairs_3
Spider:1: layout_spider_delve
Spider:2: nicolae_spider_mines_1
Spider:3: layout_spider_delve, nicolae_spider_webbed_stairs, uniq_mlioglotl
Orc:1:    layout_diamond_mine, basic_altar, uniq_urug
Orc:2:    grunt_orc_community_town_hall, layout_caves,
          grunt_orc_community_big_house_1, grunt_orc_community_big_house_1,
          grunt_orc_community_house_1, grunt_orc_community_house_1,
          grunt_orc_community_house_3, grunt_orc_community_house_3,
          grunt_orc_community_house_2, serial_shops,
          nicolae_shop_hallway_stairs, basic_altar, mines3_lemuel

Skill      XL: |  1  2  3  4  5  6  7  8  9 10 11 12 13 14 |
---------------+-------------------------------------------+-----
Axes           | 3 4 5 6 8 9 10 12 14 15 16 | 16.1
Armour         | 5 6 7 10 11 | 11.7
Invocations    | 3 7 8 11 13 | 13.0
Dodging        | 5 8 9 10 | 10.7
Fighting       | 8 10 11 12 | 12.7
Shields        | |  3.6

Action                     |  1- 3 |  4- 6 |  7- 9 | 10-12 | 13-15 || total
---------------------------+-------+-------+-------+-------+-------++-------
  Melee: War axe           |    50 |   123 |   189 |   474 |   369 ||  1205
         Hand axe          |       |       |       |     5 |       ||     5
         Battleaxe         |       |       |       |       |   160 ||   160
  Throw: Dart              |       |       |       |     2 |     1 ||     3
 Invoke: Overgrow          |       |       |       |     1 |     3 ||     4
         Grow Ballistomyce |       |       |       |       |     3 ||     3
  Evoke: Wand              |       |       |       |     6 |     7 ||    13
    Use: Scroll            |     2 |     2 |     7 |     3 |     1 ||    15
         Potion            |       |     1 |    11 |       |     3 ||    15
   Stab: Confused          |       |       |       |     2 |       ||     2
         Distracted        |       |       |       |     1 |     2 ||     3
 Armour: Scale mail        |    37 |    65 |   111 |   220 |    47 ||   480
         Skin              |       |       |    10 |       |       ||    10
         Chain mail        |       |       |       |       |   239 ||   239
  Dodge: Dodged            |    37 |    44 |    68 |   166 |   248 ||   563
  Block: Buckler           |    20 |    23 |    62 |   201 |   141 ||   447
         Other             |       |       |       |       |    34 ||    34

Table legend: (Time is in decaauts)
 A = Elapsed time spent in this place.
 B = Non-inter-level travel time spent in this place.
 C = Inter-level travel time spent in this place.
 D = Time resting spent in this place.
 E = Time spent auto-exploring this place.
 F = Levels seen in this place.
 G = Mean time per level.
                   A        B        C        D        E       F      G
               +--------+--------+--------+--------+--------+-----+--------+
         Total |   4820 |   4582 |    238 |      5 |      0 |  22 |  219.1 |
       Dungeon |   2264 |   2157 |    107 |      5 |      0 |  11 |  205.8 |
          Lair |   1303 |   1208 |     95 |      0 |      0 |   4 |  325.8 |
   Spider Nest |    188 |    188 |      0 |      0 |      0 |   3 |   62.7 |
  Orcish Mines |    718 |    683 |     35 |      0 |      0 |   2 |  359.0 |
         Sewer |    274 |    274 |      0 |      0 |      0 |   1 |  274.0 |
      Ice Cave |     71 |     71 |      0 |      0 |      0 |   1 |   71.0 |
               +--------+--------+--------+--------+--------+-----+--------+

Top non-repeatable levels by time:
  Lair:3: 594 daAuts
  Lair:2: 515 daAuts
   Orc:2: 500 daAuts
    D:11: 452 daAuts
     D:9: 367 daAuts
   Sewer: 274 daAuts
     D:6: 250 daAuts
     D:4: 247 daAuts
   Orc:1: 217 daAuts
     D:5: 213 daAuts
     D:8: 199 daAuts
    D:10: 185 daAuts
  Lair:1: 156 daAuts
     D:7: 121 daAuts
     D:1: 100 daAuts
